 Dungeon Crawl Stone Soup version 0.31-a0-963-ga325b2283a (webtiles) character file.

Game seed: 2952896372370511470

5927 Dirtsage the Carver (level 10, -6/79 HPs)
             Began as a Demonspawn Fighter on Oct 24, 2023.
             Was a Priest of Makhleb.
             Killed by divine providence
             ... invoked by an orc priest
              (9 damage)
             ... on level 9 of the Dungeon.
             The game lasted 00:16:12 (8522 turns).

Dirtsage the Carver (Demonspawn Fighter)            Turns: 8522, Time: 00:16:12

Health: -6/79      AC: 21    Str: 17    XL:     10   Next: 54%
Magic:  16/16      EV: 10    Int:  9    God:    Makhleb [***...]
Gold:   403        SH:  5    Dex: 17    Spells: 9/9 levels left

rFire   . . .        a - +0 long sword
rCold   . . .        c - +0 buckler
rNeg    . . .        A - +1 ring mail {rPois}
rPois   +            (no helmet)
rElec   .            v - +1 cloak
rCorr   .            (no gloves)
SInv    .            (no boots)
Will    .....        o - amulet of faith
Stlth   +            j - +4 ring of slaying
HPRegen 0.33/turn    w - +4 ring of protection
MPRegen 0.15/turn

%: faith
@: sanguine armoured
A: powered by pain 1, sanguine armour 2, weakness stinger 1
a: Renounce Religion, Minor Destruction, Lesser Servant of Makhleb


You were on level 9 of the Dungeon.
You worshipped Makhleb.
Makhleb was most pleased with you.
You visited 2 branches of the dungeon, and saw 10 of its levels.

You collected 494 gold pieces.
You spent 91 gold pieces at shops.

Inventory:

Hand Weapons
 a - a +0 long sword (weapon)
Missiles
 z - a throwing net
 G - a curare-tipped dart
Armour
 b - a +0 scale mail
 c - a +0 buckler (worn)
 n - a +1 ring mail of willpower
 v - a +1 cloak (worn)
 A - a +1 ring mail of poison resistance (worn)
 C - a +0 kite shield
 H - a +0 pair of gloves
Jewellery
 e - a +6 ring of intelligence
 j - a +4 ring of slaying (left hand)
 o - an amulet of faith (around neck)
 w - a +4 ring of protection (right hand)
 y - an amulet of reflection
 I - a ring of protection from cold
 N - a ring of positive energy
 P - an amulet of the acrobat
 Q - a +6 ring of strength
Wands
 D - a wand of paralysis (2)
 K - a wand of acid (8)
Scrolls
 f - a scroll of enchant armour {unknown}
 g - a scroll of torment {unknown}
 i - 3 scrolls of identify
 r - a scroll of fog {unknown}
 s - 2 scrolls of amnesia
 t - 6 scrolls of teleportation
 B - a scroll of revelation {unknown}
 F - a scroll of blinking {unknown}
 J - a scroll of poison {unknown}
 L - 3 scrolls of fear {unknown}
 M - 3 scrolls of enchant weapon {unknown}
 O - a scroll of silence {unknown}
 R - a scroll of vulnerability {unknown}
Potions
 d - 4 potions of might
 h - 3 potions of haste
 k - a potion of resistance {unknown}
 l - 2 potions of heal wounds
 m - 2 potions of ambrosia {unknown}
 p - 3 potions of attraction {unknown}
 q - 3 potions of curing
 u - 2 potions of mutation {unknown}
 x - 2 potions of degeneration
 E - a potion of brilliance {unknown}


   Skills:
 + Level 7.4 Fighting
 * Level 11.1 Long Blades
 - Level 2.6 Armour
 + Level 4.9 Shields
 + Level 8.7 Invocations


You had 9 spell levels left.
You didn't know any spells.
Your spell library contained the following spells:

 Spells                   Type           Power      Damage    Failure   Level
 Sting                    Tmut/Pois      0%         1d3       67%         1
 Summon Small Mammal      Summ           0%         N/A       67%         1
 Poisonous Vapours        Pois/Air       0%         N/A       80%         2
 Call Canine Familiar     Summ           0%         N/A       95%         3
 Gell's Gravitas          Tloc           0%         N/A       95%         3
 Summon Guardian Golem    Hex/Summ       0%         N/A       95%         3
 Teleport Other           Tloc           0%         N/A       95%         3
 Animate Armour           Summ/Erth      0%         N/A       100%        4
 Olgreb's Toxic Radiance  Pois           0%         N/A       100%        4
 Summon Lightning Spire   Summ/Air       0%         N/A       100%        4
 Lee's Rapid Deconstruct  Erth           0%         3d4*      100%        5
 Dispersal                Tloc           0%         N/A       100%        6


Dungeon Overview and Level Annotations

Branches:
Dungeon (9/15)             Temple (1/1) D:4            Lair (0/5) D:8
    Orc: D:9-12

Altars:
Ashenzari
Cheibriados
Dithmenos
Fedhas
Gozag
Hepliaklqana
Kikubaaqudgha
Makhleb
Nemelex Xobeh
Okawaru
Qazlal
Ru
Sif Muna
Trog
Uskayaw
Vehumet
Wu Jian
Xom
Yredelemnul

Shops:
D:4 ?

Annotations:
D:4 1 runed translucent door, Crazy Yiuf
D:5 3 runed translucent doors, Reshi88's ghost, novice MiMo
D:9 3 runed translucent doors, Pi314's ghost, novice DrCj


Innate Abilities, Weirdness & Mutations

You sometimes gain a little power by taking damage.
When seriously injured, your blood forms thick armour. (AC +9)
You have a small tail.


Message History

Makhleb accepts your kill.
You feel better.
The orc priest calls down the wrath of Beogh upon you.
Beogh smites you!
You take 8 damage, and have 34/79 hp.
You slash the yak!
You tail-slap the yak, but do no damage.
The yak is heavily wounded.
You hit the yak.
The yak is heavily wounded.
The yak gores you.
The orc priest invokes the aid of Beogh against you.
Pain shoots through your body!
You take 6 damage, and have 28/79 hp.
You barely miss the yak. You tail-slap the yak.
The yak is severely wounded.
The yak misses you.
You barely miss the yak.
The yak is severely wounded.
The orc priest calls down the wrath of Beogh upon you.
Beogh smites you!
* * * LOW HITPOINT WARNING * * *
The yak gores you!
* * * LOW HITPOINT WARNING * * *
You take 23 damage, and have 5/79 hp.
MASSIVE DAMAGE!!
You feel much better.
The orc priest invokes the aid of Beogh against you.
Beogh smites you!
* * * LOW HITPOINT WARNING * * *
The yak closely misses you.
You regained 9 hp, and now have 14/79 hp.
You barely miss the orc priest. The orc priest completely misses you.
The yak gores you!
* * * LOW HITPOINT WARNING * * *
You take 11 damage, and have 3/79 hp.
You hit the yak but do no damage.
The yak is severely wounded.
The orc priest invokes the aid of Beogh against you.
Beogh smites you!
You die...

#..... ......................
#.... ..................... #...#
#............###'# #...#
#.....###....#.... #...#
#.....#.#..).#..## #<..#
#.....#.###'##..'. #...#
#Y....#...)....)#.
#...########o#####......>..#.
#......)...Y@#........)....##
#.#####......#...............
#.#...#......#...............
##.#...#......#....#########..
#..#...#......#....#.......#..
#..#...#......#....'.......#..
#..#'###......#....'.......#..
#.............##...#########..
.......#####......#..............


You could see 2 yaks and an orc priest.

Vanquished Creatures
  A two-headed ogre (D:8)
  A smoke demon (D:9)
  Jeremiah (D:6)
  An ice devil (D:9)
  A hellwing (D:9)
  A shadow (D:9)
  6 yaks (D:9)
  2 wraiths (D:9)
  2 steam dragons
  A chaos spawn (D:9)
  5 water moccasins
  An orc warrior (D:9)
  An ice beast (D:7)
  A black bear (D:6)
  3 centaurs
  2 kobold brigands
  A phantom (D:5)
  3 bullfrogs
  A gnoll sergeant (D:6)
  2 scorpions (D:5)
  A crimson imp (D:9)
  5 hounds
  3 jellies
  A quasit (D:9)
  An iron imp (D:9)
  3 orc priests
  A sleepcap (D:6)
  Jessica (D:2)
  A gnoll bouda (D:7)
  Terence (D:2)
  3 iguanas
  5 orc wizards
  10 gnolls
  8 adders
  3 ufetubi
  2 worms
  A dart slug (D:1)
  6 orcs
  8 ball pythons
  4 bats
  8 endoplasms
  3 giant cockroaches
  8 goblins
  6 hobgoblins
  3 quokkas
  3 frilled lizards (D:1)
  16 kobolds
  4 rats
156 creatures vanquished.

Notes
Turn   | Place    | Note
-------+----------+-------------------------------------------
     0 | D:1      | Dirtsage the Demonspawn Fighter began the quest for the
                  | Orb.
     0 | D:1      | Reached XP level 1. HP: 18/18 MP: 1/1
   117 | D:1      | Reached skill level 2 in Long Blades
   188 | D:1      | Gained mutation: When seriously injured, your blood forms
                  | armour. (AC +9) [demonic ancestry]
   188 | D:1      | Reached XP level 2. HP: 24/24 MP: 2/2
   546 | D:1      | Reached skill level 3 in Long Blades
   798 | D:2      | Reached XP level 3. HP: 28/29 MP: 3/3
   987 | D:2      | Noticed Terence
  1014 | D:2      | Killed Terence
  1015 | D:2      | Reached skill level 4 in Long Blades
  1015 | D:2      | Reached XP level 4. HP: 22/35 MP: 4/4
  1106 | D:2      | Noticed Jessica
  1109 | D:2      | Killed Jessica
  1440 | D:3      | Gained mutation: You have a small tail. [demonic ancestry]
  1440 | D:3      | Reached XP level 5. HP: 26/41 MP: 5/5
  1696 | D:3      | Found a faded altar of an unknown god.
  1754 | D:3      | Reached skill level 5 in Long Blades
  1934 | D:3      | Found a sparkling altar of Nemelex Xobeh.
  1934 | D:3      | Found a blossoming altar of Fedhas.
  1943 | D:3      | Found an opulent altar of Gozag.
  1943 | D:3      | Found a hide-covered altar of Uskayaw.
  2178 | D:4      | Noticed a water moccasin
  2192 | D:4      | Killed a water moccasin
  2193 | D:4      | Reached skill level 6 in Long Blades
  2193 | D:4      | Reached XP level 6. HP: 30/47 MP: 6/6
  2427 | D:4      | Found a staircase to the Ecumenical Temple.
  2441 | Temple   | Entered the Ecumenical Temple
  2588 | Temple   | Became a worshipper of Makhleb the Destroyer
  2962 | D:4      | Found Ezaimaho's Magic Scroll Boutique.
  2967 | D:4      | Bought a scroll of identify for 26 gold pieces
  2967 | D:4      | Bought a scroll of identify for 26 gold pieces
  2967 | D:4      | Bought a scroll of teleportation for 39 gold pieces
  3001 | D:4      | Found a runed translucent door.
  3002 | D:4      | Noticed Crazy Yiuf
  3210 | D:5      | Entered Level 5 of the Dungeon
  3213 | D:5      | Found an ornate altar of the Wu Jian Council.
  3331 | D:5      | Reached XP level 7. HP: 41/52 MP: 7/7
  3406 | D:5      | Reached skill level 7 in Long Blades
  3406 | D:5      | Reached skill level 1 in Invocations
  3668 | D:5      | Noticed Reshi88's ghost (novice MiMo)
  3685 | D:5      | Reached * piety under Makhleb
  3697 | D:5      | Found a runed translucent gate.
  3697 | D:5      | Found a runed translucent gate.
  3697 | D:5      | Found a runed translucent gate.
  4317 | D:6      | Noticed Jeremiah
  4372 | D:6      | Killed Jeremiah
  4373 | D:6      | Reached skill level 8 in Long Blades
  4373 | D:6      | Gained mutation: You sometimes gain a little power by
                  | taking damage. [demonic ancestry]
  4373 | D:6      | Reached XP level 8. HP: 53/61 MP: 9/11
  4563 | D:6      | Found a snail-covered altar of Cheibriados.
  5045 | D:7      | Reached skill level 5 in Fighting
  5045 | D:7      | Reached skill level 5 in Invocations
  5456 | D:7      | Reached ** piety under Makhleb
  5463 | D:7      | Reached skill level 9 in Long Blades
  5732 | D:7      | Reached XP level 9. HP: 68/68 MP: 13/13
  6432 | D:8      | Found a staircase to the Lair.
  6483 | D:8      | Noticed a two-headed ogre
  6492 | D:8      | Killed a two-headed ogre
  6522 | D:8      | Reached skill level 10 in Long Blades
  7145 | D:9      | Noticed a smoke demon
  7146 | D:9      | Noticed an ice devil
  7146 | D:9      | Noticed a hellwing
  7166 | D:9      | Killed an ice devil
  7173 | D:9      | Killed a hellwing
  7174 | D:9      | Gained mutation: When seriously injured, your blood forms
                  | thick armour. (AC +9) [demonic ancestry]
  7174 | D:9      | Reached XP level 10. HP: 20/77 MP: 15/15
  7990 | D:9      | Killed a smoke demon
  8173 | D:9      | Found a runed translucent gate.
  8173 | D:9      | Found a runed translucent gate.
  8175 | D:9      | Found a runed translucent gate.
  8185 | D:9      | Noticed Pi314's ghost (novice DrCj)
  8285 | D:9      | Identified the +0 ring mail of Apathy {Int+3}
  8295 | D:9      | Reached skill level 11 in Long Blades
  8449 | D:9      | Reached *** piety under Makhleb
  8521 | D:9      | HP: 3/79 [yak (11)]
  8522 | D:9      | Killed from afar by an orc priest

Illustrated notes

Levels and vault maps discovered:
D:1:      minmay_arrival_solitary_statue, layout_loops_ring, st_stairs_1
D:2:      layout_rooms, minmay_pentomino_p4, uniq_jessica, uniq_terence
D:3:      layout_rooms, minmay_overflow_temple_hex,
          ebering_ecumenical_altar_hall, hex_intersection,
          minmay_misc_feat_alley
D:4:      layout_basic, minmay_temple_entry_mini_moons, serial_shops,
          nicolae_shop_hallway_plus, uniq_crazy_yiuf_cottage
D:5:      layout_basic, amcnicky_altar_gilded, gammafunk_ghost_split,
          minmay_misc_feat_cross
D:6:      layout_loops_ring, marbit_many_paths, uniq_jeremiah
D:7:      wad_river_or_something, layout_layer_cave, grunt_decor_one_mirror
D:8:      layout_basic, dpeg_oklobed_lair
D:9:      layout_irregular_city, hiddenorc1_lemuel, ebering_ghost_rock_garden,
          nicolae_demonic_statue_gallery
Temple:   nicolae_temple_bog_church

Skill      XL: |  1  2  3  4  5  6  7  8  9 10 |
---------------+-------------------------------+-----
Long Blades    | 2 3 4 6 8 9 10 11 | 11.1
Invocations    | 4 5 7 8 |  8.7
Fighting       | 4 5 6 7 |  7.4
Shields        | 4 |  4.9
Armour         | |  2.6

Action                     |  1- 3 |  4- 6 |  7- 9 | 10-12 || total
---------------------------+-------+-------+-------+-------++-------
  Melee: Long sword        |   109 |   120 |   214 |   125 ||   568
         Tailslap          |       |    13 |    35 |    28 ||    76
  Throw: Dart              |       |       |     1 |       ||     1
  Evoke: Wand              |       |       |     4 |       ||     4
    Use: Scroll            |       |       |     5 |     1 ||     6
         Potion            |       |       |     1 |     1 ||     2
   Stab: Paralysed         |       |       |     7 |       ||     7
 Armour: Scale mail        |    81 |       |       |       ||    81
         Ring mail         |       |    60 |   148 |    93 ||   301
  Dodge: Dodged            |    38 |    45 |    96 |    45 ||   224
  Block: Buckler           |    24 |    43 |    48 |    22 ||   137

Table legend: (Time is in decaauts)
 A = Elapsed time spent in this place.
 B = Non-inter-level travel time spent in this place.
 C = Inter-level travel time spent in this place.
 D = Time resting spent in this place.
 E = Time spent auto-exploring this place.
 F = Levels seen in this place.
 G = Mean time per level.
                   A        B        C        D        E       F      G
               +--------+--------+--------+--------+--------+-----+--------+
         Total |   8589 |   8247 |    342 |    138 |   6550 |  10 |  858.9 |
       Dungeon |   8425 |   8094 |    331 |    138 |   6550 |   9 |  936.1 |
        Temple |    164 |    153 |     11 |      0 |      0 |   1 |  164.0 |
               +--------+--------+--------+--------+--------+-----+--------+

Top non-repeatable levels by time:
     D:7: 1666 daAuts
     D:9: 1214 daAuts
     D:4: 1055 daAuts
     D:8: 925 daAuts
     D:6: 792 daAuts
     D:1: 765 daAuts
     D:5: 728 daAuts
     D:2: 660 daAuts
     D:3: 617 daAuts
  Temple: 164 daAuts
